 Dungeon Crawl Stone Soup version 0.19-a0-905-ge5e6a15 (webtiles) character file.

123 Lessnames the Skirmisher (level 4, -3/40 HPs)
             Began as a Demigod Fighter on July 5, 2016.
             Slain by Grinder (7 damage)
             ... on level 3 of the Dungeon.
             The game lasted 00:03:06 (1753 turns).

Lessnames the Skirmisher (Demigod Fighter)          Turns: 1753, Time: 00:03:06

Health: -3/40      AC:  8    Str: 30    XL:     4   Next: 51%
Magic:  6/6        EV:  6    Int: 12    God:
Gold:   82         SH: 10    Dex: 15    Spells: 0 memorised, 3 levels left

rFire  . . .     SeeInvis .     a - +0 flail
rCold  . . .     Gourm    .     i - +0 chain mail
rNeg   . . .     Faith    .     c - +0 shield
rPois  .         Spirit   .     (no helmet)
rElec  .         Dismiss  .     (no cloak)
rCorr  .         Reflect  .     (no gloves)
SustAt +         Harm     .     (no boots)
MR     .....                    (no amulet)
Stlth  ..........               (no ring)
                                v - +4 ring of strength

@: mighty, not resistant to hostile enchantments, extremely unstealthy
A: high mp 1, sustain attributes
a: no special abilities


You were on level 3 of the Dungeon.
You were not hungry.

You visited 1 branch of the dungeon, and saw 3 of its levels.

You collected 82 gold pieces.

Inventory:

Hand Weapons
 a - a +0 flail (weapon)
Armour
 c - a +0 shield (worn)
 i - a +0 chain mail (worn)
Jewellery
 v - a +4 ring of strength (left hand)
Scrolls
 e - 2 scrolls of magic mapping {unknown}
 j - 4 scrolls of identify {unknown}
 k - a scroll of enchant weapon {unknown}
 r - a scroll of recharging {unknown}
 s - a scroll of fear {unknown}
 t - a scroll of immolation {unknown}
Potions
 b - a potion of cure mutation {unknown}
 h - a potion of invisibility {unknown}
 l - a potion of haste {unknown}
 m - a potion of agility {unknown}
 p - a potion of lignification {unknown}
 q - a potion of degeneration {unknown}
Comestibles
 f - 5 bread rations
 g - 2 chunks of flesh
 n - a royal jelly
 o - 2 meat rations
 u - a beef jerky


   Skills:
 + Level 4.1 Fighting
 * Level 3.3 Maces & Flails
 - Level 2.6 Armour
 - Level 2.6 Shields


You had 3 spell levels left.
You didn't know any spells.

Dungeon Overview and Level Annotations

Branches:
Dungeon (3/15)

Annotations:
D:3 Grinder


Innate Abilities, Weirdness & Mutations

You have an increased reservoir of magic. (+10% MP)
Your attributes are resistant to harm.


Message History

Grinder hits you.
* * * LOW HITPOINT WARNING * * *
You writhe in agony.
* * * LOW HITPOINT WARNING * * *
Unknown command.
Unknown command.
Unknown command.
You completely miss Grinder.
Grinder is moderately wounded.
Grinder gestures at you.
You barely resist. You sock Grinder!
Grinder is severely wounded.
You block Grinder's attack.
Your chain mail prevents you from hitting Grinder.
Grinder is severely wounded.
Grinder hits you but does no damage.
Grinder says, "Mostly I couldn't keep them alive."
Grinder hits you!
You die...

#............#.#
#.# ##
#..#####.#####.#
#.# # #.. #.#
#.# #.# # #..
##.# #.# ##.## #
#.. #..# #.#
#...##### #..
#.## #.#
#........ .#.#
#.# #...#####
#.####.# ##### #
#@5...# #
#.###### # #.# #
#.# # ... .## #


You could see Grinder.

Vanquished Creatures
  A hound (D:2)
  4 adders
  3 worms
  A dart slug (D:2)
  2 giant geckos (D:1)
  An orc (D:3)
  7 bats
  3 giant cockroaches
  3 goblins
  4 hobgoblins
  A jackal (D:1)
  A quokka (D:2)
  A ball python (D:1)
  6 giant newts
  2 kobolds (D:1)
  12 rats
52 creatures vanquished.

Vanquished Creatures (others)
  4 toadstools (D:1)
4 creatures vanquished.

Grand Total: 56 creatures vanquished

Notes
Turn   | Place    | Note
-------+----------+-------------------------------------------
     0 | D:1      | Lessnames the Demigod Fighter began the quest for the Orb.
     0 | D:1      | Reached XP level 1. HP: 18/18 MP: 3/3
    59 | D:1      | Reached skill level 3 in Fighting
   169 | D:1      | Reached XP level 2. HP: 25/26 MP: 4/4
   566 | D:2      | Reached XP level 3. HP: 31/31 MP: 5/5
   838 | D:2      | Found a faded altar of an unknown god.
  1078 | D:2      | Found a burning altar of Makhleb.
  1087 | D:2      | Reached XP level 4. HP: 39/40 MP: 6/6
  1453 | D:2      | Reached skill level 4 in Fighting
  1598 | D:3      | Found a deep blue altar of Sif Muna.
  1665 | D:3      | Found a sparkling altar of Nemelex Xobeh.
  1727 | D:3      | Noticed Grinder
  1732 | D:3      | Paralysed by Grinder for 7 turns
  1746 | D:3      | Paralysed by Grinder for 4 turns
  1753 | D:3      | Slain by Grinder

Vault maps used:
D:1:      ldierk_walled_garden_2, minmay_nonomino_d4
D:2:      ecumenical_altar_1, makhleb_heckhound_becter
D:3:      lemuel_doored_altar, led_sif_book, nicolae_overflow_crystal_walls,
          uniq_grinder, uniq_sigmund

Skill      XL: |  1  2  3  4 |
---------------+-------------+-----
Maces & Flails | 2 3 |  3.3
Fighting       | 3 4 |  4.1
Armour         | |  2.6
Shields        | |  2.6

Action                   |  1- 3 |  4- 6 || total
-------------------------+-------+-------++-------
Melee: Flail             |   149 |    40 ||   189
  Use: Potion            |       |     1 ||     1
  Eat: Chunk             |     1 |     2 ||     3
Armor: Scale mail        |    14 |       ||    14
       Chain mail        |    67 |    17 ||    84
Dodge: Dodged            |    37 |     6 ||    43
Block: Shield            |    94 |    18 ||   112
